 Dungeon Crawl Stone Soup version 0.17.0 (webtiles) character file.

648 Kold the Cleaver (level 7, 57/57 HPs)
             Began as a Minotaur Fighter on Nov 6, 2015.
             Was a Follower of Ru.
             Quit the game on level 5 of the Dungeon on Nov 7, 2015.
             The game lasted 00:08:59 (5116 turns).

Kold the Cleaver (Minotaur Fighter)                 Turns: 5116, Time: 00:08:59

Health: 57/57      AC:  9    Str: 21    XL:     7   Next: 27%
Magic:  15/15      EV:  8    Int:  5    God:    Ru [*.....]
Gold:   230        SH:  9    Dex: 11    Spells: 0 memorised, 6 levels left

rFire  + . .     SeeInvis .     a - +0 war axe
rCold  . . .     Clarity  .     H - +1 ring mail {rF+}
rNeg   . . .     SustAt   .     c - +0 shield
rPois  .         Gourm    .     (helmet restricted)
rElec  .         Spirit   .     p - +0 cloak
rCorr  +         Warding  .     D - +0 pair of gloves
rMut   .         Stasis   .     (no boots)
MR     .....                    z - amulet of resist corrosion
Stlth  +.........               (no ring)
                                h - ring of magical power

@: not resistant to hostile enchantments, very unstealthy
A: retaliatory headbutt, horns 2, unskilled 1
a: Renounce Religion


You were on level 5 of the Dungeon.
You worshipped Ru.
Ru was aware of your devotion.
You were not hungry.

You visited 2 branches of the dungeon, and saw 6 of its levels.

You collected 230 gold pieces.

Inventory:

Hand Weapons
 a - a +0 war axe (weapon)
Armour
 b - a +0 scale mail
 c - a +0 shield (worn)
 p - a +0 cloak (worn)
 r - a +0 chain mail
 D - a +0 pair of gloves (worn)
 H - a +1 ring mail of fire resistance (worn)
Jewellery
 h - a ring of magical power (left hand)
 z - an amulet of resist corrosion (around neck)
Wands
 v - a wand of confusion (27)
 C - a wand of flame (24)
Scrolls
 f - 3 scrolls of teleportation {unknown}
 k - a scroll of enchant weapon {unknown}
 l - 2 scrolls of immolation {unknown}
 n - 4 scrolls of identify
 q - a scroll of remove curse
 t - a scroll of random uselessness {unknown}
 y - 3 scrolls of recharging {unknown}
 B - 3 scrolls of enchant armour {unknown}
 E - a scroll of blinking {unknown}
 F - a scroll of amnesia {unknown}
Potions
 d - a potion of might
 g - 7 potions of curing {unknown}
 i - a potion of flight {unknown}
 o - 3 potions of haste {unknown}
 s - a potion of agility {unknown}
 w - 2 potions of heal wounds {unknown}
 x - 3 potions of brilliance {unknown}
 A - a potion of cancellation {unknown}
Comestibles
 e - 3 bread rations
 j - 2 meat rations
 m - 2 slices of pizza
 u - 10 fruits


   Skills:
 - Level 3.6 Fighting
 + Level 8.1 Axes
 - Level 3.6 Armour
 - Level 4.5 Shields


You had 6 spell levels left.
You didn't know any spells.

Dungeon Overview and Level Annotations

Branches:
Dungeon (5/15)             Temple (1/1) D:4

Altars:
Ashenzari
Fedhas
Kikubaaqudgha
Makhleb
Okawaru
Ru
Sif Muna
Trog
Vehumet
Xom
Zin
The Shining One


Innate Abilities, Weirdness & Mutations

You reflexively headbutt those who attack you in melee.
You have a pair of horns on your head.
You are somewhat unskilled (-1 Apt).


Message History

Do you really want to make this sacrifice?
You feel less skilled.
Your Fighting skill decreases to level 3!
Your Armour skill decreases to level 3!
Your Shields skill decreases to level 4!
You exude an aura of power that intimidates your foes.
Are you sure you want to abandon this character and quit the game? (Confirm with "yes".)
Okay, then.
Okay, then.
Unknown command.
Are you sure you want to abandon this character and quit the game? (Confirm with "yes".)
Okay, then.
Assign waypoint to what number? (0-9)
Okay, then.
Welcome back, Kold the Minotaur Fighter.
Ru says: Sacrifice that you might gain great power!
Press ? for a list of commands and other information.
Quiver which item? (- for none, * to show all) (? for menu, Esc to quit)
Okay, then.
Are you sure you want to abandon this character and quit the game? (Confirm with "yes".)

######### #.......#
#.#####.##### ####.#
#.....##### .....#
#####.#...#
....>#######<....#.#
######....<......#.#
8##8##########.#@#.#
.....'.......#.#.#.#
8##8########.#.#.#.#
###### #.#.#.#..
...#.# #.#.#.###
#..#.#######.#.#.#
#............#.#.#
......#####..#.#.#
..)..<.......#.#


There were no monsters in sight!

Vanquished Creatures
  An ogre (D:5)
  A centaur (D:5)
  A hound (D:4)
  A giant frog skeleton (D:4)
  4 orc priests
  2 iguanas
  An orc wizard (D:5)
  A worker ant (D:5)
  7 adders
  A gnoll (D:1)
  An ooze (D:1)
  An adder skeleton (D:4)
  An adder zombie (D:5)
  4 worms
  4 giant geckos
  15 orcs
  10 bats
  2 giant cockroaches
  5 goblins
  7 hobgoblins
  7 jackals
  A quokka (D:5)
  A giant gecko zombie (D:5)
  6 giant newts
  7 kobolds
  8 rats
100 creatures vanquished.

Notes
Turn   | Place    | Note
--------------------------------------------------------------
     0 | D:1      | Kold the Minotaur Fighter began the quest for the Orb.
     0 | D:1      | Reached XP level 1. HP: 19/19 MP: 0/0
   118 | D:1      | Reached XP level 2. HP: 27/27 MP: 1/1
   448 | D:1      | Reached skill level 4 in Armour
   511 | D:1      | Reached XP level 3. HP: 28/33 MP: 2/2
  1065 | D:2      | Reached XP level 4. HP: 38/40 MP: 3/3
  1328 | D:2      | Found a shimmering altar of Xom.
  1332 | D:2      | Found a burning altar of Makhleb.
  1351 | D:2      | Found a shattered altar of Ashenzari.
  1868 | D:3      | Found a bloodstained altar of Trog.
  2448 | D:3      | Reached XP level 5. HP: 41/46 MP: 4/4
  2741 | D:4      | Reached skill level 5 in Shields
  2861 | D:4      | Reached skill level 5 in Axes
  3105 | D:4      | Reached skill level 6 in Axes
  3106 | D:4      | Found a staircase to the Ecumenical Temple.
  3111 | Temple   | Entered the Ecumenical Temple
  3282 | Temple   | Became a worshipper of Ru the Awakened
  3525 | D:4      | Reached XP level 6. HP: 29/52 MP: 5/5
  4199 | D:5      | Entered Level 5 of the Dungeon
  4415 | D:5      | Reached skill level 7 in Axes
  4809 | D:5      | Reached skill level 8 in Axes
  4809 | D:5      | Reached XP level 7. HP: 29/59 MP: 6/6
  5115 | D:5      | Gained mutation: You are somewhat unskilled (-1 Apt). [Ru sacrifice]
  5115 | D:5      | Reached * piety under Ru
  5116 | D:5      | Upgraded the game from 0.17-b1-33-gd9cf236 to 0.17.0
  5116 | D:5      | Quit the game

Action                   |  1- 3 |  4- 6 |  7- 9 || total
-------------------------+-------+-------+-------++-------
Melee: War axe           |    59 |   182 |     4 ||   245
Invok: Sacrifice Skill   |       |       |     1 ||     1
  Use: Scroll            |       |     2 |       ||     2
  Eat: Chunk             |     1 |    11 |     1 ||    13
